 Dungeon Crawl Stone Soup version 0.28-a0-1033-g1a2f33fa85 (webtiles) character file.

Game seed: 3753840312431620724

292048 ytrimaz the Warrior (level 21, -22/160 (178) HPs)
             Began as a Formicid Fighter on Dec 7, 2021.
             Was the Champion of Jiyva.
             Killed from afar by a deep elf death mage (43 damage)
             ... with a bolt of negative energy
             ... on level 3 of the Elven Halls.
             The game lasted 01:16:13 (33733 turns).

ytrimaz the Warrior (Formicid Fighter)             Turns: 33733, Time: 01:16:13

HP:   -22/160 (178) AC: 24    Str: 42    XL:     21   Next: 19%
MP:   21/21         EV: 10    Int: 10    God:    Jiyva [******]
Gold: 2887          SH: 18    Dex: 12    Spells: 20/20 levels left

rFire   + . .      SeeInvis +   m - +5 eveningstar (spect)
rCold   + + +      Faith    .   Q - +0 tower shield
rNeg    . . .      Spirit   .   H - +2 chain mail {rF+}
rPois   +          Reflect  .   (helmet unavailable)
rElec   .          Harm     .   x - +2 cloak {rPois}
rCorr   +          Rampage  .   P - +2 pair of gloves
Will    ++...                   n - +0 pair of boots
Stlth   ..........              f - amulet of regeneration
HPRegen 2.76/turn               p - +6 ring of strength
MPRegen 0.67/turn               B - ring of protection from cold

@: calling ooze, heavily drained
A: permanent stasis, dig shafts and tunnels, antennae 3, four strong arms,
hooves 1, iridescent scales 1, agile 1, clever 1, cold resistance 2, shaggy fur
1, strong 2, eyeballs 2, pseudopods 1, tendrils, jelly absorbing missiles
}: 3/15 runes: decaying, serpentine, slimy
a: Dig, Shaft Self, Renounce Religion, Oozemancy, Slimify


You were on level 3 of the Elven Halls.
You worshipped Jiyva.
Jiyva was exalted by your worship.
You visited 8 branches of the dungeon, and saw 40 of its levels.
You also visited: Bailey, Gauntlet and Ice Cave.

You collected 4545 gold pieces.
You spent 1658 gold pieces at shops.

Inventory:

Hand Weapons
 b - a +0 executioner's axe
 c - a +2 executioner's axe of flaming
 m - a +5 spectral eveningstar (weapon)
 q - the +8 dire flail of Obitt {flame, Str+4}
   (You took it off an ogre on level 5 of the Dungeon)

   It burns those it strikes, dealing additional fire damage.
   Str:       It affects your strength (+4).
Missiles
 e - 3 throwing nets
 v - 62 boomerangs (quivered)
 Z - 9 javelins
Armour
 n - a +0 pair of boots (worn)
 x - a +2 cloak of poison resistance (worn)
 H - a +2 chain mail of fire resistance (worn)
 N - +0 ice dragon scales
 P - a +2 pair of gloves (worn)
 Q - a +0 tower shield (worn)
Jewellery
 f - an amulet of regeneration (around neck)
 p - a +6 ring of strength (left hand)
 t - a +6 ring of strength
 u - the amulet "Tutikhym" {Reflect -Cast rC++ rCorr SH+5}
   (You found it in a Gauntlet)

   [amulet of reflection]

   It reflects blocked missile attacks.
   rC:        It greatly protects you from cold.
   -Cast:     It prevents spellcasting.
   rCorr:     It protects you from acid and corrosion.
   SH:        It affects your SH (+5).
 B - a ring of protection from cold (right hand)
 F - a +6 ring of dexterity
 M - a ring of protection from cold
Wands
 d - a wand of polymorph (35)
 i - a wand of acid (3)
 y - a wand of iceblast (31)
 A - a wand of flame (46)
 S - a wand of mindburst (24)
 T - a wand of digging (7)
 X - a wand of paralysis (12)
Scrolls
 j - 3 scrolls of fog
 w - 5 scrolls of fear
 C - 11 scrolls of identify
 G - 5 scrolls of silence
 I - 6 scrolls of enchant armour
 K - 11 scrolls of amnesia
 L - 9 scrolls of magic mapping
 O - a scroll of summoning
 R - 4 scrolls of holy word
 V - a scroll of torment
Potions
 a - 2 potions of magic
 g - 5 potions of curing
 h - 6 potions of brilliance
 k - 5 potions of mutation
 l - 5 potions of attraction
 o - 3 potions of flight
 s - 4 potions of lignification
 z - 12 potions of ambrosia
 D - 2 potions of cancellation
 E - 3 potions of invisibility
 U - 5 potions of might
 W - a potion of resistance


   Skills:
 + Level 18.7 Fighting
 - Level 16.0 Maces & Flails
 - Level 16.4 Throwing
 + Level 17.4 Armour
 - Level 15.0 Shields
 * Level 14.0 Evocations


You had 20 spell levels left.
You didn't know any spells.
Your spell library contained the following spells:

 Spells                   Type           Power      Damage    Failure   Level
 Beastly Appendage        Tmut           0%         N/A       63%         1
 Foxfire                  Conj/Fire      0%         2x1d4     63%         1
 Magic Dart               Conj           0%         1d3       63%         1
 Sting                    Tmut/Pois      0%         1d3       63%         1
 Call Imp                 Summ           0%         N/A       77%         2
 Ensorcelled Hibernation  Hex/Ice        0%         N/A       77%         2
 Poisonous Vapours        Pois/Air       0%         N/A       77%         2
 Scorch                   Fire           0%         2d5       77%         2
 Static Discharge         Conj/Air       0%         N/A       77%         2
 Sublimation of Blood     Necr           0%         N/A       77%         2
 Wereblood                Tmut           0%         N/A       77%         2
 Call Canine Familiar     Summ           0%         N/A       94%         3
 Conjure Flame            Conj/Fire      0%         6-21      94%         3
 Frozen Ramparts          Ice            0%         1d2       94%         3
 Gell's Gravitas          Tloc           0%         N/A       94%         3
 Ignite Poison            Fire/Tmut/Pois 0%         N/A       94%         3
 Inner Flame              Hex/Fire       0%         N/A       94%         3
 Lesser Beckoning         Tloc           0%         N/A       94%         3
 Ozocubu's Armour         Ice            0%         N/A       94%         3
 Portal Projectile        Hex/Tloc       0%         N/A       94%         3
 Spider Form              Tmut/Pois      0%         N/A       94%         3
 Stone Arrow              Conj/Erth      0%         3d7       94%         3
 Teleport Other           Tloc           0%         N/A       94%         3
 Tukima's Dance           Hex            0%         N/A       94%         3
 Animate Armour           Summ/Erth      0%         N/A       100%        4
 Animate Dead             Necr           0%         N/A       100%        4
 Flame Wave               Conj/Fire      0%         2d4       100%        4
 Leda's Liquefaction      Hex/Erth       0%         N/A       100%        4
 Olgreb's Toxic Radiance  Pois           0%         N/A       100%        4
 Passage of Golubria      Tloc           0%         N/A       100%        4
 Sticky Flame             Conj/Fire      0%         2d3       100%        4
 Borgnjor's Vile Clutch   Necr/Erth      0%         N/A       100%        5
 Fireball                 Conj/Fire      0%         3d3       100%        5
 Iskenderun's Battlesphe  Conj           0%         2d6       100%        5
 Silence                  Hex/Air        0%         N/A       100%        5
 Conjure Ball Lightning   Conj/Air       0%         3x3d6     100%        6
 Death Channel            Necr           0%         N/A       100%        6
 Eringya's Noxious Bog    Tmut/Pois      0%         N/A       100%        6
 Iron Shot                Conj/Erth      0%         9d1       100%        6
 Summon Cactus Giant      Summ           0%         N/A       100%        6
 Haunt                    Necr/Summ      0%         N/A       100%        7
 Orb of Destruction       Conj           0%         N/A       100%        7
 Spellforged Servitor     Conj/Summ      0%         N/A       100%        7
 Summon Hydra             Summ           0%         N/A       100%        7
 Discord                  Hex            0%         N/A       100%        8
 Disjunction              Tloc           0%         N/A       100%        8
 Infestation              Necr           0%         N/A       100%        8
 Lehudib's Crystal Spear  Conj/Erth      0%         10d2      100%        8
 Chain Lightning          Conj/Air       0%         N/A       100%        9


Dungeon Overview and Level Annotations

Branches:
Dungeon (15/15)            Temple (1/1) D:7            Lair (6/6) D:11
  Swamp (4/4) Lair:3        Snake (4/4) Lair:2        Slime (5/5) Lair:5
    Orc (2/2) D:11            Elf (3/3) Orc:2        Vaults (0/5) D:13
 Depths (0/4) D:15         Bailey (visited)           IceCv (visited)
Gauntlet (visited)

Altars:
Ashenzari
Cheibriados
Dithmenos
Elyvilon
Fedhas
Gozag
Hepliaklqana
Kikubaaqudgha
Makhleb
Nemelex Xobeh
Okawaru
Qazlal
Ru
Sif Muna
Trog
Uskayaw
Vehumet
Wu Jian
Xom
Yredelemnul
Zin
The Shining One
Beogh
Jiyva

Shops:
D:1 *[!   D:4 [?*(!   D:7 *   Orc:2 :(?(   Elf:3 (*   Snake:3 :   Snake:4 (!:=(

Annotations:
D:8 1 runed translucent door
D:11 1 runed translucent door, gimp's ghost, journeyman DgEE
Slime:5 Royal Jelly
Orc:2 3 runed translucent doors, tnargy's ghost, journeyman MiBe


Innate Abilities, Weirdness & Mutations

You cannot be hasted, slowed, berserked, paralysed or teleported.
You can dig through walls and to a lower floor.
You have a pair of large antennae on your head. (SInv)
Your four strong arms can wield two-handed weapons with a shield.
You have large cloven feet.
You are partially covered in iridescent scales. (AC +2)
You are agile. (Dex +2)
Your mind is acute. (Int +2)
Your flesh is very cold resistant. (rC++)
You are covered in fur. (AC +1)
Your muscles are very strong. (Str +4)
Your body has grown many eyes which may confuse attackers. (Acc +5)
Armour fits poorly on your pseudopods.
You are covered in slimy tendrils that may disarm your opponents.
You have a small jelly attached to you that may absorb projectiles.


Message History

Unknown command.
Unknown command.
Unknown command.
You bludgeon the deep elf death mage!!
The deep elf death mage is severely wounded.
The wall burns the Executioner!
The wall burns the deep elf high priest!
The deep elf high priest prays to its god.
The deep elf high priest begins emitting a brilliant aura!
The deep elf elementalist is empowered by the deep elf high priest's aura!
The deep elf death mage is empowered by the deep elf high priest's aura!
The wall burns the deep elf pyromancer!
The deep elf pyromancer gestures wildly while chanting.
The deep elf pyromancer blinks!
The deep elf death mage points at you and mumbles some strange words.
The bolt of negative energy hits you!
You feel drained.
* * * LOW HITPOINT WARNING * * *
The bolt of negative energy hits the earth elemental.
The earth elemental completely resists.
The deep elf high priest mumbles some strange prayers to its god against you.
Something smites you!
* * * LOW HITPOINT WARNING * * *
The wall burns the Executioner!
Unknown command.
You feel better.
The deep elf annihilator seems less brilliant.
The walls burn the deep elf elementalist!
You block the deep elf elementalist's attack.
Your tendrils lash around the deep elf elementalist's +0 long sword and pull it to the ground!
The walls burn the lorocyproca!
The wall burns the deep elf zephyrmancer!
The wall burns the deep elf high priest!
You block the earth elemental's attack.
The deep elf demonologist gestures wildly while chanting.
The deep elf annihilator is empowered by the deep elf high priest's aura!
The earth elemental hits you but does no damage.
The wall burns the earth elemental!
The wall burns the Hell Sentinel!
The deep elf death mage points at you and mumbles some strange words.
The bolt of negative energy hits you!!!
You feel drained.
You die...

..8'..'....P....#
...####.........#
..∩# #.........#
...# ###.....###
..<# ###..#######
#..# #...###....#
#.8#
#....##..e.##
#..#
#...###EEE..#
####
#...E##e@E..#
#..4e112eE.##
##....eeEe2e#
##.#..Ee.4E###
##.##...eE###
#J###.....# ###
#.#.### #.#..{
###e.{


You could see a Hell Sentinel (summoned), a cacodemon (summoned), a lorocyproca
(summoned, invisible), a deep elf annihilator (empowered), a deep elf death mage
(empowered, resistant), an Executioner (summoned, fast), a deep elf elementalist
(fast, empowered, repels missiles), 2 deep elf demonologists, an orange demon
(summoned), 3 deep elf high priests, 9 earth elementals, a deep elf pyromancer
(empowered), a deep elf zephyrmancer (empowered, confused) and a chaos spawn
(summoned).

Vanquished Creatures
  the Lernaean hydra (Swamp:4)
  A tentacled monstrosity (Swamp:3)
  Jorgrun (D:14)
  Rupert (Lair:3)
  Mlioglotl (Snake:3)
  2 deep elf blademasters (Elf:3)
  A deep elf master archer (Elf:3)
  Frances (Elf:1)
  Gastronok (Lair:2)
  A thorn hunter (Swamp:3)
  The ghost of Zonian the Jinx, an adept DsGl of Nemelex Xobeh (Swamp:2)
  Kirke (D:13)
  6 nagarajas (Snake:4)
  Aizul (Swamp:1)
  2 deep elf sorcerers (Elf:3)
  2 frost giants (IceCv)
  6 deep elf elementalists (Elf:3)
  2 deep elf demonologists
  A white draconian (IceCv)
  A minotaur (Gauntlet)
  6 eleionomae
  3 bunyips
  A deep elf annihilator (Elf:2)
  Snorg (Orc:2)
  3 deep elf death magi (Elf:3)
  A shambling mangrove (Swamp:3)
  A vault guard (D:13)
  3 boulder beetles
  2 salamander tyrants
  Fannar (Orc:1)
  Harold (D:7)
  29 hydras
  An ogre mage (D:13)
  4 catoblepae
  5 ice dragons (IceCv)
  Erica (Lair:1)
  6 ironbound frosthearts (IceCv)
  12 naga warriors
  2 centaur warriors
  2 two-headed ogres
  4 alligators
  A ghost crab (Swamp:3)
  8 anacondas
  3 tengu warriors
  25 dancing weapons
  9 death yaks (Lair:6)
  Urug (Orc:2)
  10 orc high priests
  Sonja (D:11)
  4 shock serpents
  A fire crab (shapeshifter) (Elf:3)
  13 deep elf knights
  14 naga sharpshooters
  2 salamander mystics
  9 sea snakes
  5 skeletal warriors (D:15)
  Nergalle (D:11)
  A sea snake (shapeshifter) (D:13)
  6 goliath frogs
  23 swamp dragons
  3 spriggan druids
  6 bog bodies
  8 deep elf archers
  3 orc knights
  A wizard (D:15)
  6 naga ritualists
  An orange crystal statue (IceCv)
  17 deep elf pyromancers
  11 deep elf zephyrmancers
  10 mana vipers
  An oklob plant (Lair:6)
  3 will-o-the-wisps
  10 salamanders
  5 orc sorcerers
  21 ugly things
  3 cyclopes
  6 manticores
  23 elephants
  42 black mambas
  10 guardian serpents
  2 centaur zombies (D:10)
  A black mamba (shapeshifter) (D:9)
  Joseph (D:10)
  3 gargoyles
  18 naga magi
  3 torpor snails
  3 cane toads
  The ghost of Umoon2 the Ducker, a novice DsGl of Ru (D:5)
  7 rime drakes
  An unseen horror (D:13)
  A tengu conjurer (D:13)
  6 komodo dragons
  3 kobold demonologists
  2 entropy weaver simulacra (D:14)
  3 red devils (D:15)
  11 tyrant leeches
  3 meliai (D:14)
  A queen bee (D:14)
  A hornet (shapeshifter) (D:13)
  9 trolls
  11 polar bears
  4 blink frogs (Lair:6)
  7 hornets
  A raiju (Gauntlet)
  4 dream sheep (Lair:6)
  Sigmund (D:6)
  2 air elementals
  A dire elephant simulacrum (D:14)
  3 spriggans
  A spriggan (shapeshifter) (D:13)
  Eustachio (D:4)
  5 wraiths
  2 water elementals (Elf:2)
  10 vampire mosquitoes
  5 wyverns
  A basilisk (D:11)
  31 yaks
  3 hogs (D:13)
  Menkaure (D:5)
  2 steam dragons
  5 fire elementals
  2 minotaur simulacra (D:14)
  53 nagas
  13 swamp worms
  10 wargs
  A harpy simulacrum (D:14)
  An acid dragon (D:14)
  14 water moccasins
  Edmund (D:6)
  Duvessa (D:5)
  30 orc warriors
  2 sky beasts
  10 swamp drakes
  An ice beast (D:7)
  2 black bears
  An alligator simulacrum (D:14)
  6 ogres
  6 necrophages
  15 wolves
  9 centaurs
  2 kobold brigands (D:9)
  2 bullfrogs
  3 earth elementals
  2 scorpions
  2 water moccasin skeletons (D:5)
  Dowan (D:5)
  33 killer bees
  A lindwurm simulacrum (D:14)
  5 wights (D:10)
  2 vampire bats (D:15)
  2 howler monkeys (D:12)
  A bullfrog zombie (D:5)
  2 lava snakes (D:13)
  2 hounds
  Crazy Yiuf (D:5)
  3 centaur skeletons
  35 orc priests
  A jelly (D:4)
  An iguana (D:6)
  Ijyb (D:4)
  27 orc wizards
  Natasha (thrice) (D:4)
  5 hell rats (Lair:6)
  A lightning spire (Gauntlet)
  2 mummies (D:10)
  A hound skeleton (D:2)
  2 howler monkey zombies
  18 gnolls
  12 adders
  4 shadow imps
  A white imp (D:6)
  An ufetubus (D:5)
  A worm (D:4)
  A dart slug (D:2)
  101 orcs
  9 endoplasms
  2 giant cockroaches
  19 hobgoblins
  4 jackals (D:1)
  2 quokkas (D:1)
  7 ball pythons
  13 bats
  4 frilled lizards
  6 goblins
  26 kobolds
  8 rats
  3 briar patches (Swamp:3)
1194 creatures vanquished.

Vanquished Creatures (collateral kills)
  A deep elf annihilator (Elf:3)
  A rakshasa (D:14)
  2 ice dragons (IceCv)
  An ironbound frostheart (IceCv)
  A hornet (Swamp:3)
  A polar bear (IceCv)
  2 orc priests (Orc:1)
  An orc (Orc:1)
10 creatures vanquished.

Vanquished Creatures (others)
  A vault guard (D:13)
  2 centaur warriors
  An alligator (Swamp:3)
  A naga ritualist (Snake:3)
  A swamp dragon (Swamp:3)
  An orc knight (D:13)
  A deep elf pyromancer (Elf:1)
  A wizard (D:7)
  An eye of devastation (Lair:5)
  A cane toad (Lair:5)
  2 naga magi (Snake:4)
  A black mamba (Snake:3)
  A rime drake (Lair:5)
  A rime drake (shapeshifter) (Gauntlet)
  A red devil (D:15)
  8 bloated husks
  17 slime creatures
  An air elemental (Elf:3)
  A fire elemental (Elf:3)
  A yak (Lair:4)
  A yak (shapeshifter) (Gauntlet)
  2 humans (D:13)
  2 nagas (Snake:4)
  2 water moccasins
  An orc warrior (D:15)
  A necrophage (D:10)
  2 centaurs (D:9)
  A kobold brigand (D:9)
  A bullfrog (D:8)
  4 killer bees (D:8)
  2 centaur zombies (D:10)
  141 jellies
  2 orc priests
  A gnoll shaman (D:9)
  An iguana (Lair:3)
  An orc wizard (D:15)
  A human skeleton (D:8)
  7 orcs
  9 endoplasms (Lair:5)
  4 goblins (D:9)
  6 kobolds (D:9)
  12 demonic plants (Gauntlet)
  12 foxfires
  110 fungi
  120 plants
  7 withered plants
498 creatures vanquished.

Grand Total: 1702 creatures vanquished

Notes
Turn   | Place    | Note
-------+----------+-------------------------------------------
     0 | D:1      | ytrimaz the Formicid Fighter began the quest for the Orb.
     0 | D:1      | Reached XP level 1. HP: 18/18 MP: 1/1
    75 | D:1      | Found Zaath's Antique Armour Shop.
   158 | D:1      | Found Fugoe's Assorted Antiques.
   332 | D:1      | Reached XP level 2. HP: 24/24 MP: 2/2
   539 | D:1      | Reached XP level 3. HP: 30/30 MP: 3/3
   545 | D:1      | Reached skill level 1 in Throwing
   672 | D:1      | Found Juqiribu's Distillery.
  1253 | D:2      | Reached XP level 4. HP: 6/37 MP: 4/4
  1813 | D:2      | Reached XP level 5. HP: 42/42 MP: 5/5
  1885 | D:2      | Reached skill level 4 in Fighting
  2884 | D:3      | Found a hazy altar of Hepliaklqana.
  2893 | D:3      | Found an opulent altar of Gozag.
  3205 | D:4      | Found an ancient bone altar of Kikubaaqudgha.
  3233 | D:4      | Reached XP level 6. HP: 48/48 MP: 6/6
  3243 | D:4      | Found Asisij's Distillery.
  3619 | D:4      | Noticed Natasha
  3624 | D:4      | Killed Natasha
  3763 | D:4      | Found Jyisos's Magic Scroll Boutique.
  3767 | D:4      | Noticed a necrophage
  3768 | D:4      | Noticed Eustachio
  3873 | D:4      | Killed a necrophage
  3874 | D:4      | Reached XP level 7. HP: 52/55 MP: 7/7
  3917 | D:4      | Killed Eustachio
  3918 | D:4      | Reached skill level 5 in Maces & Flails
  3966 | D:4      | Found Ugunapuj's Antique Armour Emporium.
  4101 | D:4      | Noticed Natasha
  4107 | D:4      | Killed Natasha
  4140 | D:4      | Noticed Ijyb
  4150 | D:4      | Killed Ijyb
  4184 | D:4      | Found Vyrchachu's General Store.
  4188 | D:4      | Found Feataar's Weapon Shop.
  4353 | D:4      | Noticed Natasha
  4359 | D:4      | Killed Natasha
  4620 | D:5      | Entered Level 5 of the Dungeon
  4648 | D:5      | Reached skill level 5 in Armour
  4648 | D:5      | Reached XP level 8. HP: 60/61 MP: 8/8
  4664 | D:5      | Noticed Dowan
  4673 | D:5      | Reached skill level 1 in Evocations
  4791 | D:4      | Reached skill level 5 in Fighting
  5107 | D:5      | Noticed Menkaure
  5115 | D:5      | Killed Menkaure
  5187 | D:5      | Reached XP level 9. HP: 68/68 MP: 9/9
  5456 | D:5      | Noticed Duvessa
  5465 | D:5      | Killed Duvessa
  5481 | D:5      | Killed Dowan
  5570 | D:5      | Found a runed translucent door.
  5571 | D:5      | Noticed Crazy Yiuf
  5730 | D:5      | Found a transporter.
  5731 | D:5      | Noticed Umoon2's ghost (novice DsGl)
  5731 | D:5      | Identified the +8 dire flail of Obitt {flame, Str+4}
  5901 | D:5      | Killed Crazy Yiuf
  5968 | D:5      | Found a transporter.
  6167 | D:6      | Reached skill level 5 in Throwing
  6384 | D:6      | Noticed Sigmund
  6393 | D:6      | Killed Sigmund
  6578 | D:6      | Found a shadowy altar of Dithmenos.
  6583 | D:6      | Noticed Edmund
  6602 | D:6      | Killed Edmund
  6654 | D:6      | Reached skill level 6 in Fighting
  6930 | D:7      | Noticed Harold
  6942 | D:7      | Killed Harold
  6943 | D:7      | Reached XP level 10. HP: 33/77 MP: 10/10
  6985 | D:7      | Found Zaeddobi's Serpentskin Sales.
  6993 | D:7      | Bought a +1 cloak of poison resistance for 162 gold pieces
  7128 | D:7      | Reached skill level 5 in Evocations
  7217 | D:7      | Noticed an angel
  7218 | D:7      | Found a shimmering altar of Xom.
  7255 | D:7      | Found a glowing silver altar of Zin.
  7380 | D:7      | Found a bloodstained altar of Trog.
  7383 | D:7      | Noticed a wizard
  7388 | D:7      | Killed a wizard
  7438 | D:7      | Found a staircase to the Ecumenical Temple.
  7614 | Temple   | Entered the Ecumenical Temple
  7634 | Temple   | Became a worshipper of Jiyva Juatucko the Shapeless
  7817 | D:8      | Found a hide-covered altar of Uskayaw.
  7817 | D:8      | Found a blossoming altar of Fedhas.
  7818 | D:8      | Found a sparkling altar of Nemelex Xobeh.
  7999 | D:8      | Found a runed translucent door.
  8005 | D:8      | Found a basalt altar of Yredelemnul.
  8290 | D:9      | Reached * piety under Jiyva
  8514 | D:9      | Noticed a shining eye
  8514 | D:9      | a floating eye changed into a shining eye
  8573 | D:9      | Reached skill level 7 in Fighting
  8624 | D:9      | Found a flagged portal.
  8637 | Bailey   | Entered a bailey
  8717 | Bailey   | Reached XP level 11. HP: 76/84 MP: 11/11
  8931 | D:9      | Acquired 993 gold pieces
  9013 | D:9      | Noticed a two-headed ogre
  9021 | D:9      | Killed a two-headed ogre
  9022 | D:9      | Reached skill level 10 in Maces & Flails
  9086 | D:9      | Found a glowing golden altar of the Shining One.
  9200 | D:9      | Noticed a brown ugly thing
  9203 | D:9      | Noticed a cyan ugly thing
  9222 | D:9      | Noticed a manticore
  9225 | D:9      | Killed a red ugly thing
  9235 | D:9      | Killed a red ugly thing
  9241 | D:9      | Killed a manticore
  9462 | D:9      | Reached ** piety under Jiyva
  9639 | D:4      | Bought a scroll of acquirement for 676 gold pieces
  9680 | D:4      | Bought a potion of experience for 500 gold pieces
  9680 | D:4      | Bought a potion of degeneration for 10 gold pieces
  9728 | D:5      | Acquired 1303 gold pieces
  9732 | D:5      | Reached skill level 8 in Fighting
  9732 | D:5      | Reached skill level 10 in Armour
  9732 | D:5      | Reached XP level 12. HP: 94/94 MP: 12/12
  9770 | D:5      | Killed Umoon2's ghost
  9946 | D:10     | Entered Level 10 of the Dungeon
 10018 | D:10     | Found an iron altar of Okawaru.
 10021 | D:10     | Noticed Joseph
 10054 | D:10     | Killed Joseph
 10064 | D:10     | Identified the +8 mace of True Grit {holy, *Corrode Dex+5}
 10148 | D:10     | Identified the +5 leather armour of Going Fast {Rampage
                  | rElec rC+ Int-2}
 10245 | D:10     | Reached *** piety under Jiyva
 10671 | D:11     | Reached XP level 13. HP: 82/100 MP: 13/13
 10699 | D:11     | Found a runed translucent door.
 10699 | D:11     | Noticed gimp's ghost (journeyman DgEE)
 10733 | D:11     | Found a staircase to the Lair.
 10774 | D:11     | Reached skill level 9 in Fighting
 10774 | D:11     | Noticed Sonja
 10818 | D:11     | Killed Sonja
 10971 | D:11     | Noticed Nergalle
 10980 | D:11     | Killed Nergalle
 11048 | D:11     | Identified the +0 robe of the Untouchables {rN++ MP-9}
 11070 | D:11     | Found a staircase to the Orcish Mines.
 11308 | D:12     | Noticed a five-headed hydra
 11315 | D:12     | Killed a five-headed hydra
 11368 | D:12     | Gained mutation: You are somewhat resistant to further
                  | mutation. [Jiyva's grace]
 11368 | D:12     | Gained mutation: You are somewhat resistant to both further
                  | mutation and mutation removal. [Jiyva's grace]
 11368 | D:12     | Gained mutation: You are almost entirely resistant to
                  | further mutation and mutation removal. [Jiyva's grace]
 11368 | D:12     | Gained mutation: Your melee attacks may engulf your foes in
                  | ooze. [Jiyva's grace]
 11396 | D:12     | Reached **** piety under Jiyva
 11841 | D:12     | Reached skill level 5 in Shields
 11915 | D:12     | Noticed a frost giant
 11966 | D:13     | Noticed Kirke
 11984 | D:13     | Killed Kirke
 12030 | D:13     | Noticed a centaur warrior
 12033 | D:13     | Killed a centaur warrior
 12034 | D:13     | Reached skill level 10 in Throwing
 12294 | D:13     | Killed a vault guard
 12311 | D:13     | Noticed a boulder beetle
 12336 | D:13     | Killed a boulder beetle
 12340 | D:13     | Reached ***** piety under Jiyva
 12392 | D:13     | Noticed a seven-headed hydra
 12397 | D:13     | Killed a seven-headed hydra
 12469 | D:13     | Reached XP level 14. HP: 109/109 MP: 14/14
 12860 | D:13     | Lost mutation: Your melee attacks may engulf your foes in
                  | ooze. [Jiyva's grace]
 12860 | D:13     | Gained mutation: You have a small jelly attached to you
                  | that may absorb projectiles. [Jiyva's grace]
 12860 | D:13     | Gained mutation: Your mind is acute. (Int +2) [Jiyva's
                  | grace]
 12860 | D:13     | Gained mutation: Your mind is very acute. (Int +4) [Jiyva's
                  | grace]
 12860 | D:13     | Gained mutation: You are partially covered in iridescent
                  | scales. (AC +2) [Jiyva's grace]
 13104 | D:13     | Found a gate to the Vaults.
 13353 | D:14     | Reached skill level 10 in Fighting
 13447 | D:14     | You fall into a shaft and drop 1 floor!
 13447 | D:15     | Entered Level 15 of the Dungeon
 13520 | D:14     | Noticed Jorgrun
 13535 | D:14     | Killed Jorgrun
 13719 | D:14     | Found a frozen archway.
 13738 | IceCv    | Entered an ice cave
 13923 | IceCv    | Reached XP level 15. HP: 112/116 MP: 15/15
 14050 | IceCv    | Noticed a frost giant
 14074 | IceCv    | Killed a frost giant
 14116 | IceCv    | Noticed a frost giant
 14125 | IceCv    | Killed a frost giant
 14991 | D:15     | Reached skill level 15 in Throwing
 15234 | D:15     | Reached ****** piety under Jiyva
 15255 | D:15     | Noticed a stone giant
 15268 | D:15     | Slimified a stone giant
 15268 | D:15     | Noticed an acid blob
 15268 | D:15     | a stone giant changed into an acid blob
 15292 | D:15     | Found a staircase to the Depths.
 15614 | D:15     | Lost mutation: Your mind is very acute. (Int +4) [Jiyva's
                  | grace]
 15614 | D:15     | Gained mutation: You have an increased reservoir of magic.
                  | (+10% MP) [Jiyva's grace]
 15614 | D:15     | Gained mutation: You have a considerably increased
                  | reservoir of magic. (+20% MP) [Jiyva's grace]
 15614 | D:15     | Gained mutation: You have a greatly increased reservoir of
                  | magic. (+30% MP) [Jiyva's grace]
 15614 | D:15     | Gained mutation: You are strong-willed. (Will+) [Jiyva's
                  | grace]
 15754 | Orc:1    | Entered Level 1 of the Orcish Mines
 15801 | Orc:1    | Noticed Fannar
 15815 | Orc:1    | Killed Fannar
 16010 | Orc:2    | Entered Level 2 of the Orcish Mines
 16106 | Orc:2    | Reached skill level 11 in Fighting
 16113 | Orc:2    | Reached XP level 16. HP: 125/125 MP: 20/20
 16376 | Orc:2    | Found Mibougra's Antique Weapon Shop.
 16376 | Orc:2    | Found Fidwohym's Magic Scroll Emporium.
 16457 | Orc:2    | Found Emiss's Weapon Shop.
 16457 | Orc:2    | Found Fiytrox's Book Emporium.
 16466 | Orc:2    | Noticed Urug
 16479 | Orc:2    | Killed Urug
 16482 | Orc:2    | Noticed Snorg
 16541 | Orc:2    | Killed Snorg
 16633 | Orc:2    | Bought a +0 executioner's axe for 160 gold pieces
 16798 | Orc:2    | Found a staircase to the Elven Halls.
 16873 | Orc:2    | Found a runed translucent gate.
 16873 | Orc:2    | Noticed tnargy's ghost (journeyman MiBe)
 16874 | Orc:2    | Found a runed translucent gate.
 16874 | Orc:2    | Identified the +0 plate armour "Roata" {rC+ Dex+2}
 16875 | Orc:2    | Found a runed translucent gate.
 17127 | Lair:1   | Entered Level 1 of the Lair of Beasts
 17467 | Lair:1   | Noticed Erica
 17478 | Lair:1   | Killed Erica
 17529 | Lair:1   | Reached skill level 12 in Fighting
 17658 | Lair:1   | Lost mutation: You have a greatly increased reservoir of
                  | magic. (+30% MP) [Jiyva's grace]
 17658 | Lair:1   | Lost mutation: You are almost entirely resistant to further
                  | mutation and mutation removal. [Jiyva's grace]
 17658 | Lair:1   | Lost mutation: You are somewhat resistant to both further
                  | mutation and mutation removal. [Jiyva's grace]
 17658 | Lair:1   | Gained mutation: You have a small jelly attached to you
                  | that senses nearby items. [Jiyva's grace]
 17658 | Lair:1   | Gained mutation: You are somewhat resistant to both further
                  | mutation and mutation removal. [Jiyva's grace]
 17658 | Lair:1   | Gained mutation: You are almost entirely resistant to
                  | further mutation and mutation removal. [Jiyva's grace]
 17658 | Lair:1   | Gained mutation: You have sharp fingernails. [Jiyva's
                  | grace]
 18447 | Lair:2   | Got the Guide on Poisonous Snow
 18520 | Lair:2   | Found a staircase to the Snake Pit.
 18839 | Lair:2   | Noticed Gastronok
 18858 | Lair:2   | Killed Gastronok
 19062 | Lair:3   | Noticed Rupert
 19071 | Lair:3   | Killed Rupert
 19134 | Lair:3   | Lost mutation: You are partially covered in iridescent
                  | scales. (AC +2) [Jiyva's grace]
 19134 | Lair:3   | Gained mutation: Armour fits poorly on your pseudopods.
                  | [Jiyva's grace]
 19134 | Lair:3   | Gained mutation: Armour fits poorly on your large
                  | pseudopods. [Jiyva's grace]
 19134 | Lair:3   | Gained mutation: Armour fits poorly on your massive
                  | pseudopods. [Jiyva's grace]
 19134 | Lair:3   | Gained mutation: Your flesh is cold resistant. (rC+)
                  | [Jiyva's grace]
 19273 | Lair:3   | Found a staircase to the Swamp.
 19914 | Lair:4   | Lost mutation: You are strong-willed. (Will+) [Jiyva's
                  | grace]
 19914 | Lair:4   | Lost mutation: You are almost entirely resistant to further
                  | mutation and mutation removal. [Jiyva's grace]
 19914 | Lair:4   | Lost mutation: You have a small jelly attached to you that
                  | senses nearby items. [Jiyva's grace]
 19914 | Lair:4   | Gained mutation: You are covered in slimy tendrils that may
                  | disarm your opponents. [Jiyva's grace]
 19914 | Lair:4   | Gained mutation: Your mind is very acute. (Int +4) [Jiyva's
                  | grace]
 19914 | Lair:4   | Gained mutation: Your rubbery body absorbs attacks. (AC +1,
                  | EV +1) [Jiyva's grace]
 19914 | Lair:4   | Gained mutation: Your pliable body absorbs attacks. (AC +2,
                  | EV +2) [Jiyva's grace]
 20305 | Lair:5   | Found a gate leading to a gauntlet.
 20321 | Gauntlet | Entered a Gauntlet
 20321 | Gauntlet | Found a transporter.
 20331 | Gauntlet | Found a transporter.
 20345 | Gauntlet | Found a transporter.
 20347 | Gauntlet | Found a large runed translucent door.
 20347 | Gauntlet | Found a large runed translucent door.
 20348 | Gauntlet | Found a large runed translucent door.
 20348 | Gauntlet | Found a large runed translucent door.
 20349 | Gauntlet | Found a large runed translucent door.
 20349 | Gauntlet | Found a large runed translucent door.
 20349 | Gauntlet | Found a runed translucent door.
 20349 | Gauntlet | Found a runed translucent door.
 20349 | Gauntlet | Found a large runed translucent door.
 20350 | Gauntlet | Found a transporter.
 20365 | Gauntlet | Found the +8 autumn katana {vorpal, Clar}
 20367 | Gauntlet | Found a transporter.
 20380 | Gauntlet | Found a large runed translucent door.
 20381 | Gauntlet | Found a large runed translucent door.
 20382 | Gauntlet | Found a large runed translucent door.
 20382 | Gauntlet | Found a large runed translucent door.
 20383 | Gauntlet | Found a runed translucent gate.
 20384 | Gauntlet | Found a transporter.
 20384 | Gauntlet | Found a runed translucent gate.
 20385 | Gauntlet | Found a runed translucent gate.
 20386 | Gauntlet | Found a large runed translucent door.
 20386 | Gauntlet | Found a large runed translucent door.
 20387 | Gauntlet | Found a large runed translucent door.
 20388 | Gauntlet | Found a large runed translucent door.
 20396 | Gauntlet | Found a transporter.
 20408 | Gauntlet | Found a transporter.
 20420 | Gauntlet | Found a transporter.
 20432 | Gauntlet | Found a transporter.
 20449 | Gauntlet | Found a transporter.
 20449 | Gauntlet | Found a transporter.
 20469 | Gauntlet | Found a transporter.
 20489 | Gauntlet | Found a transporter.
 20505 | Gauntlet | Found a large runed translucent door.
 20586 | Gauntlet | Found a transporter.
 20614 | Gauntlet | Found a transporter.
 20649 | Gauntlet | Found a transporter.
 20671 | Gauntlet | Found a transporter.
 20713 | Gauntlet | Reached skill level 13 in Fighting
 20733 | Gauntlet | Identified the amulet "Tutikhym" {Reflect -Cast rC++ rCorr
                  | SH+5}
 21007 | Lair:5   | Lost mutation: You are somewhat resistant to both further
                  | mutation and mutation removal. [Jiyva's grace]
 21007 | Lair:5   | Gained mutation: You are robust. (+10% HP) [Jiyva's grace]
 21007 | Lair:5   | Gained mutation: You are very robust. (+20% HP) [Jiyva's
                  | grace]
 21007 | Lair:5   | Gained mutation: You are extremely robust. (+30% HP)
                  | [Jiyva's grace]
 21007 | Lair:5   | Gained mutation: Your system is resistant to poisons.
                  | (rPois) [Jiyva's grace]
 21181 | Lair:5   | Found a staircase to the Slime Pits.
 21237 | Slime:1  | Entered Level 1 of the Pits of Slime
 21239 | Slime:1  | Noticed a rockslime
 21250 | Slime:2  | Noticed an acid blob
 21272 | Slime:5  | Entered Level 5 of the Pits of Slime
 21272 | Slime:5  | Noticed a rockslime
 21289 | Slime:5  | Noticed an acid blob
 21293 | Slime:5  | Found a viscous altar of Jiyva.
 21295 | Slime:5  | Noticed a rockslime
 21295 | Slime:5  | Noticed an acid blob
 21295 | Slime:5  | Noticed the Royal Jelly
 21295 | Slime:5  | Noticed an acid blob
 21295 | Slime:5  | Noticed an acid blob
 21296 | Slime:5  | Noticed an acid blob
 21297 | Slime:5  | Noticed an azure jelly
 21300 | Slime:5  | Noticed a rockslime
 21301 | Slime:5  | Noticed an acid blob
 21305 | Slime:5  | Noticed a rockslime
 21311 | Slime:5  | Got the Compendium of Attacks and Fire
 21322 | Slime:5  | Identified the +7 morningstar "Otacyfia" {vorpal, MP+9
                  | Str+4 Stlth+}
 21332 | Slime:5  | Got a slimy rune of Zot
 21335 | Slime:5  | Identified the +0 battleaxe of Karphiemo {speed, Int+4}
 21354 | Slime:5  | Noticed a rockslime
 21438 | Slime:5  | Noticed a rockslime
 21509 | Slime:5  | Noticed an acid blob
 21711 | Slime:4  | Noticed an azure jelly
 21961 | Slime:3  | Noticed an acid blob
 22047 | Slime:2  | Noticed an acid blob
 22091 | Slime:2  | Noticed an acid blob
 22096 | Slime:2  | Lost mutation: You have a considerably increased reservoir
                  | of magic. (+20% MP) [Jiyva's grace]
 22096 | Slime:2  | Lost mutation: Your pliable body absorbs attacks. (AC +2,
                  | EV +2) [Jiyva's grace]
 22096 | Slime:2  | Gained mutation: Your natural rate of healing is unusually
                  | fast. [Jiyva's grace]
 22096 | Slime:2  | Gained mutation: You heal very quickly. [Jiyva's grace]
 22096 | Slime:2  | Gained mutation: You regenerate. [Jiyva's grace]
 22096 | Slime:2  | Gained mutation: You have acidic saliva. [Jiyva's grace]
 22121 | Slime:2  | You fall into a shaft and drop 1 floor!
 22169 | Slime:2  | Noticed an acid blob
 22369 | Slime:1  | Noticed an azure jelly
 22370 | Slime:1  | Noticed an acid blob
 22634 | Lair:5   | Reached XP level 17. HP: 178/178 MP: 18/18
 23202 | Lair:6   | Entered Level 6 of the Lair of Beasts
 23336 | Lair:6   | Lost mutation: You have sharp fingernails. [Jiyva's grace]
 23336 | Lair:6   | Lost mutation: You have an increased reservoir of magic.
                  | (+10% MP) [Jiyva's grace]
 23336 | Lair:6   | Lost mutation: You regenerate. [Jiyva's grace]
 23336 | Lair:6   | Lost mutation: You heal very quickly. [Jiyva's grace]
 23336 | Lair:6   | Lost mutation: You are extremely robust. (+30% HP) [Jiyva's
                  | grace]
 23336 | Lair:6   | Lost mutation: Armour fits poorly on your massive
                  | pseudopods. [Jiyva's grace]
 23336 | Lair:6   | Lost mutation: You are somewhat resistant to further
                  | mutation. [Jiyva's grace]
 23336 | Lair:6   | Gained mutation: You have hidden genetic potential.
                  | [Jiyva's grace]
 23336 | Lair:6   | Gained mutation: You have great hidden genetic potential.
                  | [Jiyva's grace]
 23336 | Lair:6   | Gained mutation: Your pliable body absorbs attacks. (AC +2,
                  | EV +2) [Jiyva's grace]
 23336 | Lair:6   | Gained mutation: Your gelatinous body deflects attacks. (AC
                  | +3, EV +3) [Jiyva's grace]
 24246 | Snake:1  | Entered Level 1 of the Snake Pit
 24283 | Snake:1  | Reached skill level 14 in Fighting
 24477 | Snake:1  | Reached skill level 10 in Evocations
 24524 | Snake:1  | Reached skill level 15 in Maces & Flails
 24795 | Snake:2  | You fall into a shaft and drop 1 floor!
 24795 | Snake:3  | Noticed Mlioglotl
 24807 | Snake:3  | Killed Mlioglotl
 24810 | Snake:3  | Found a runed translucent door.
 25283 | Snake:2  | Lost mutation: Your natural rate of healing is unusually
                  | fast. [Jiyva's grace]
 25283 | Snake:2  | Lost mutation: You have a small jelly attached to you that
                  | may absorb projectiles. [Jiyva's grace]
 25283 | Snake:2  | Gained mutation: Your flesh is heat resistant. (rF+)
                  | [Jiyva's grace]
 25283 | Snake:2  | Gained mutation: Your flesh is very heat resistant. (rF++)
                  | [Jiyva's grace]
 25283 | Snake:2  | Gained mutation: Your flesh is almost immune to the effects
                  | of heat. (rF+++) [Jiyva's grace]
 25283 | Snake:2  | Gained mutation: You are agile. (Dex +2) [Jiyva's grace]
 25359 | Snake:2  | Reached XP level 18. HP: 161/176 MP: 18/18
 25668 | Snake:3  | Gained mutation: You are partially covered in iridescent
                  | scales. (AC +2) [hidden potential]
 25742 | Snake:3  | Found Dyabuod's Book Shoppe.
 26030 | Snake:3  | Reached skill level 15 in Fighting
 26104 | Snake:3  | Reached skill level 10 in Shields
 26212 | Snake:4  | Entered Level 4 of the Snake Pit
 26351 | Snake:4  | Found Ungoqiasch's Weapon Shop.
 26351 | Snake:4  | Found Tobat's Distillery.
 26353 | Snake:4  | Found Iwumih's Jewellery Shop.
 26362 | Snake:4  | Found Feuphez's Book Boutique.
 26374 | Snake:4  | Bought a potion of resistance for 150 gold pieces
 26673 | Snake:4  | Lost mutation: Your mind is very acute. (Int +4) [Jiyva's
                  | grace]
 26673 | Snake:4  | Lost mutation: Your flesh is almost immune to the effects
                  | of heat. (rF+++) [Jiyva's grace]
 26673 | Snake:4  | Lost mutation: Your flesh is very heat resistant. (rF++)
                  | [Jiyva's grace]
 26673 | Snake:4  | Lost mutation: You are very robust. (+20% HP) [Jiyva's
                  | grace]
 26673 | Snake:4  | Lost mutation: Your gelatinous body deflects attacks. (AC
                  | +3, EV +3) [Jiyva's grace]
 26673 | Snake:4  | Lost mutation: Your pliable body absorbs attacks. (AC +2,
                  | EV +2) [Jiyva's grace]
 26673 | Snake:4  | Lost mutation: Armour fits poorly on your large pseudopods.
                  | [Jiyva's grace]
 26673 | Snake:4  | Gained mutation: Your pliable body absorbs attacks. (AC +2,
                  | EV +2) [Jiyva's grace]
 26673 | Snake:4  | Gained mutation: Your gelatinous body deflects attacks. (AC
                  | +3, EV +3) [Jiyva's grace]
 26673 | Snake:4  | Gained mutation: You are mostly covered in iridescent
                  | scales. (AC +4) [Jiyva's grace]
 26673 | Snake:4  | Gained mutation: You are completely covered in iridescent
                  | scales. (AC +6) [Jiyva's grace]
 26673 | Snake:4  | Found Ecatal's Antique Weapon Shop.
 26693 | Snake:4  | Reached skill level 15 in Armour
 27390 | Snake:4  | Reached XP level 19. HP: 28/172 MP: 19/19
 27503 | Snake:4  | Gained mutation: Your flesh is very cold resistant. (rC++)
                  | [hidden potential]
 27503 | Snake:4  | Lost mutation: You have great hidden genetic potential.
                  | [hidden potential expressed]
 27551 | Snake:4  | Got a serpentine rune of Zot
 27584 | Snake:4  | Identified the +4 ring mail "Igexeymi" {*Corrode Will+
                  | Int+2}
 28272 | Swamp:1  | Entered Level 1 of the Swamp
 28522 | Swamp:1  | Reached skill level 16 in Fighting
 28878 | Swamp:1  | Noticed Aizul
 28900 | Swamp:1  | Killed Aizul
 29455 | Swamp:2  | Found a runed translucent gate.
 29455 | Swamp:2  | Found a runed translucent gate.
 29455 | Swamp:2  | Found a runed translucent gate.
 29457 | Swamp:2  | Noticed Zonian's ghost (adept DsGl)
 29499 | Swamp:2  | Killed Zonian's ghost
 29759 | Swamp:3  | Noticed a tentacled monstrosity
 29767 | Swamp:3  | Killed a tentacled monstrosity
 29959 | Swamp:3  | Lost mutation: You are completely covered in iridescent
                  | scales. (AC +6) [Jiyva's grace]
 29959 | Swamp:3  | Lost mutation: Your flesh is heat resistant. (rF+) [Jiyva's
                  | grace]
 29959 | Swamp:3  | Lost mutation: Your system is resistant to poisons. (rPois)
                  | [Jiyva's grace]
 29959 | Swamp:3  | Lost mutation: You are robust. (+10% HP) [Jiyva's grace]
 29959 | Swamp:3  | Lost mutation: Your gelatinous body deflects attacks. (AC
                  | +3, EV +3) [Jiyva's grace]
 29959 | Swamp:3  | Lost mutation: Your pliable body absorbs attacks. (AC +2,
                  | EV +2) [Jiyva's grace]
 29959 | Swamp:3  | Lost mutation: Armour fits poorly on your pseudopods.
                  | [Jiyva's grace]
 29959 | Swamp:3  | Gained mutation: Your body has grown eyes which may confuse
                  | attackers. (Acc +3) [Jiyva's grace]
 29959 | Swamp:3  | Gained mutation: Your body has grown many eyes which may
                  | confuse attackers. (Acc +5) [Jiyva's grace]
 29959 | Swamp:3  | Gained mutation: Your body is covered in eyes which may
                  | confuse attackers. (Acc +7, SInv) [Jiyva's grace]
 29959 | Swamp:3  | Gained mutation: Armour fits poorly on your pseudopods.
                  | [Jiyva's grace]
 30436 | Swamp:4  | Entered Level 4 of the Swamp
 30658 | Swamp:4  | Reached XP level 20. HP: 152/166 MP: 20/20
 30910 | Swamp:4  | Gained mutation: You are covered in fur. (AC +1) [hidden
                  | potential]
 30912 | Swamp:4  | Noticed the 27-headed Lernaean hydra
 30929 | Swamp:4  | Killed the 27-headed Lernaean hydra
 30937 | Swamp:4  | Reached skill level 15 in Shields
 31047 | Swamp:4  | Got a decaying rune of Zot
 31659 | Elf:1    | Entered Level 1 of the Elven Halls
 31676 | Elf:1    | Reached skill level 17 in Fighting
 31681 | Elf:1    | Noticed Frances
 31748 | Elf:1    | Killed Frances
 32015 | Elf:1    | Got Inebboth's Guide on Summoning
 32396 | Elf:1    | Lost mutation: You are mostly covered in iridescent scales.
                  | (AC +4) [Jiyva's grace]
 32396 | Elf:1    | Lost mutation: You are covered in fur. (AC +1) [Jiyva's
                  | grace]
 32396 | Elf:1    | Lost mutation: You have acidic saliva. [Jiyva's grace]
 32396 | Elf:1    | Lost mutation: Your body is covered in eyes which may
                  | confuse attackers. (Acc +7, SInv) [Jiyva's grace]
 32396 | Elf:1    | Lost mutation: Your rubbery body absorbs attacks. (AC +1,
                  | EV +1) [Jiyva's grace]
 32396 | Elf:1    | Gained mutation: You have a small jelly attached to you
                  | that may absorb projectiles. [Jiyva's grace]
 32396 | Elf:1    | Gained mutation: Your muscles are strong. (Str +2) [Jiyva's
                  | grace]
 32396 | Elf:1    | Gained mutation: Your muscles are very strong. (Str +4)
                  | [Jiyva's grace]
 32396 | Elf:1    | Gained mutation: You are covered in fur. (AC +1) [Jiyva's
                  | grace]
 32578 | Elf:2    | Found a runed translucent gate.
 32578 | Elf:2    | Found a runed translucent gate.
 32578 | Elf:2    | Found a runed translucent gate.
 33163 | Elf:2    | Reached skill level 18 in Fighting
 33415 | Elf:3    | Entered Level 3 of the Elven Halls
 33495 | Elf:3    | Found Fupijus's Weapon Boutique.
 33533 | Elf:3    | Found Ciubloz's Assorted Antiques.
 33589 | Elf:3    | Reached XP level 21. HP: 178/178 MP: 21/21
 33620 | Elf:3    | Gained mutation: You have large cloven feet. [hidden
                  | potential]
 33620 | Elf:3    | Lost mutation: You have hidden genetic potential. [hidden
                  | potential expressed]
 33732 | Elf:3    | HP: 8/171 [deep elf high priest/divine providence (11)]
 33733 | Elf:3    | Killed from afar by a deep elf death mage

Illustrated notes

Levels and vault maps discovered:
D:1:      lightli_arrival_noodles, layout_loops_ring, serial_shops,
          nicolae_lakefront_shop, nicolae_shop_overgrown_old_shop,
          nicolae_shop_hallway_stairs, minmay_cut_off
D:2:      layout_basic, nrook_campfire
D:3:      layout_loops_corners, mainiacjoe_overflow_swirl,
          small_statue_intersection
D:4:      layout_basic, nicolae_kikubaaqudgha_miasma_corner, serial_shops, shop,
          shop, kennysheep_little_box, nicolae_shop_behind_doors,
          nicolae_shop_hallway_plus, abandoned_shop, uniq_eustachio,
          uniq_natasha, uniq_ijyb
D:5:      layout_cave_pools, serial_column_ruins,
          column_ruins_corridor_straight, column_ruins_corridor_straight,
          column_ruins_grid_3, column_ruins_columns_straight,
          gammafunk_ghost_smash, uniq_duvessa, uniq_crazy_yiuf_cottage,
          uniq_menkaure
D:6:      layout_basic, nicolae_dithmenos_the_darkroom, uniq_sigmund,
          uniq_edmund
D:7:      layout_cave_pools, grunt_temple_overflow_order_and_chaos_1,
          trog_wizard, minmay_temple_entry_junction, serial_column_ruins,
          column_ruins_square_medium, column_ruins_grid_4,
          column_ruins_open_tiny, column_ruins_open_tiny,
          column_ruins_corridor_straight, column_ruins_grid_3,
          column_ruins_open_tiny, guppyfry_shop_venom, uniq_harold
D:8:      layout_basic, dk_yredelemnul_ordeal,
          gammafunk_temple_overflow_forgotten, special_room [special_room_orc]
D:9:      layout_basic, nicolae_tso_swordbearing_angel, enter_bailey_5,
          minmay_pinched_square
D:10:     layout_rooms, okawaru_metal_pillars_1_2, serial_undead,
          serial_undead_b, serial_undead_e, serial_undead_a, serial_undead_b,
          serial_undead_a, serial_undead_d, serial_undead_e, serial_undead_d,
          uniq_joseph
D:11:     layout_loops_ring, david_lair_generic, orc_0_dummy,
          gammafunk_ghost_grave, uniq_sonja, uniq_nergalle
D:12:     layout_roguey [special_room_orc], kennysheep_island_fort
D:13:     kennysheep_scales, layout_layer_cave, grunt_vaults_entry_fortified,
          minmay_statues_item, uniq_kirke
D:14:     layout_cave_pools, special_room [special_room_bee],
          portal_ice_cave_entry_ice_simulacra, minmay_misc_feat_secret_circle,
          minmay_misc_feat_roman, hex_large, uniq_jorgrun
D:15:     grunt_enter_depths_snipers, layout_basic, roderic_batcave,
          einodemon_armed_red_devil_minivault
Temple:   pf_slimified_temple
Lair:1:   layout_layer_cave, grunt_forest_large_clearing_hut,
          grunt_megastairs_4, lemuel_fruit_fields, uniq_erica
Lair:2:   layout_chaotic_city, dummy_snake_entry, uniq_gastronok
Lair:3:   layout_hall_layers, minmay_swamp_entry_reptiles, uniq_rupert
Lair:4:   layout_cave_pods, chequers_serial_rivers_micro_b,
          serial_bayou_shore_b, infiniplex_staircase_pool_2, lemuel_fruit_tree
Lair:5:   lemuel_slime, layout_cave_pods, minmay_slime_entry_eyes,
          gauntlet_entry_generic, nzn_sisyphean_effort
Lair:6:   evilmike_catoblepas_cave, layout_regular_city
Swamp:1:  layout_falls_marsh, nicolae_swamp_small_spring, st_swamp_ruins_1,
          uniq_aizul
Swamp:2:  layout_basic_swamp, gammafunk_ghost_hydra_chop, hangedman_swamp_cone,
          swamp_pool1
Swamp:3:  nicolae_swamp_husk_halls, layout_basic_swamp,
          evilmike_swamp_ruin_rubble_2, swamp_pool1, infiniplex_staircase_pool
Swamp:4:  swamp_old_school, layout_basic_swamp, swamp_pool1, ldierk_geyser,
          nicolae_swamp_super_fun_site
Snake:1:  layout_rooms, drop_trap, serial_bayou_shore_b
Snake:2:  layout_misc_corridors, grunt_megastairs_5
Snake:3:  layout_basic, serial_shops, nicolae_shop_waterfront,
          grunt_ministairs_13, library_closet, lightli_airlock, uniq_mlioglotl
Snake:4:  grunt_snake_rune_pools, layout_chambers, serial_shops,
          nicolae_shop_overgrown_old_shop, nicolae_snake_gridmaze_zigzag,
          nicolae_snake_gridmaze_swirls, minmay_shoptagon
Slime:1:  layout_caves
Slime:2:  layout_caves, cheibrodos_slime_lost_civilization_6
Slime:3:  layout_caves, cheibrodos_slime_lost_civilization_4
Slime:4:  layout_caves
Slime:5
Orc:1:    layout_caves, uniq_fannar
Orc:2:    st_orc_town, layout_caves, biasface_ghost_orc_armoury, basic_altar,
          nooodl_orcs_dogs, uniq_snorg, uniq_urug
Elf:1:    nicolae_elf_arrival_fired_up, layout_loops_cross,
          minmay_elf_demonology, uniq_frances
Elf:2:    elven_hall_of_blades_hangedman_original
          [nicolae_blade_entry_floor_patterns], layout_loops_ring
Elf:3:    minmay_elf_hall_quartered_circle, layout_geoelf_octagon, serial_shops,
          shop, shop, nicolae_square_shop, shop_statue,
          nicolae_shop_bloodbath_and_beyond

Skill      XL: |  1  2  3  4  5  6  7  8  9 10 11 12 13 14 15 16 17 18 19 20 21 |
---------------+----------------------------------------------------------------+-----
Throwing       | 1 2 3 4 5 6 8 9 10 13 15 16 | 16.4
Armour         | 4 5 7 8 10 11 12 13 14 15 16 17 | 17.4
Maces & Flails | 3 4 5 6 8 9 11 12 13 14 15 16 | 16.0
Fighting       | 4 5 6 7 8 9 10 11 13 14 15 16 18 | 18.7
Evocations     | 2 4 5 8 9 10 11 12 13 14 | 14.0
Shields        | 5 7 9 12 14 15 | 15.0

Action                   |  1- 3 |  4- 6 |  7- 9 | 10-12 | 13-15 | 16-18 | 19-21 || total
-------------------------+-------+-------+-------+-------+-------+-------+-------++-------
Melee: Flail             |   104 |   288 |   289 |   272 |       |       |       ||   953
       Unarmed           |       |       |    24 |       |       |       |       ||    24
       Dire flail        |       |       |       |    75 |   571 |  1317 |   293 ||  2256
       Battleaxe         |       |       |       |       |    18 |       |       ||    18
       Pseudopods        |       |       |       |       |       |   310 |   248 ||   558
       Bite              |       |       |       |       |       |   168 |   115 ||   283
       Eveningstar       |       |       |       |       |       |       |   555 ||   555
Throw: Boomerang         |       |       |       |    10 |   394 |    43 |    10 ||   457
Invok: Oozemancy         |       |       |       |       |     1 |       |     2 ||     3
       Slimify           |       |       |       |       |     1 |     1 |       ||     2
 Abil: Dig               |       |     1 |       |     1 |     1 |     2 |     7 ||    12
       Shaft Self        |       |       |       |       |     1 |       |       ||     1
Evoke: Wand              |       |       |     2 |       |     1 |     4 |       ||     7
  Use: Scroll            |     1 |     3 |     5 |     4 |    11 |     7 |     1 ||    32
       Potion            |       |     2 |     1 |     3 |     5 |     3 |     4 ||    18
 Stab: Distracted        |       |       |       |       |       |       |     5 ||     5
       Confused          |       |       |       |       |       |       |     9 ||     9
Armor: Scale mail        |    55 |    63 |       |       |       |       |       ||   118
       Chain mail        |       |    85 |   155 |   187 |   372 |   477 |   515 ||  1791
       Skin              |       |    32 |     2 |       |       |       |       ||    34
Dodge: Dodged            |    62 |   135 |   130 |   166 |   242 |   433 |   322 ||  1490
Block: Buckler           |    18 |    81 |    56 |    72 |   150 |       |       ||   377
       Kite shield       |       |       |       |       |    87 |   557 |   315 ||   959
       Tower shield      |       |       |       |       |       |       |   264 ||   264

Table legend: (Time is in decaauts)
 A = Elapsed time spent in this place.
 B = Non-inter-level travel time spent in this place.
 C = Inter-level travel time spent in this place.
 D = Time resting spent in this place.
 E = Time spent auto-exploring this place.
 F = Levels seen in this place.
 G = Mean time per level.
                   A        B        C        D        E       F      G
               +--------+--------+--------+--------+--------+-----+--------+
         Total |  33031 |  30085 |   2946 |    966 |  20889 |  43 |  768.2 |
       Dungeon |  14659 |  12903 |   1756 |    613 |   8691 |  15 |  977.3 |
        Temple |     84 |     84 |      0 |      0 |     40 |   1 |   84.0 |
          Lair |   5231 |   4706 |    525 |      0 |   3962 |   6 |  871.8 |
         Swamp |   3368 |   3147 |    221 |    100 |   2220 |   4 |  842.0 |
     Snake Pit |   3689 |   3517 |    172 |    118 |   2287 |   4 |  922.2 |
    Slime Pits |   1301 |   1202 |     99 |      0 |   1044 |   5 |  260.2 |
  Orcish Mines |   1254 |   1172 |     82 |     11 |    692 |   2 |  627.0 |
   Elven Halls |   1968 |   1879 |     89 |    101 |   1189 |   3 |  656.0 |
        Bailey |    283 |    283 |      0 |      5 |    121 |   1 |  283.0 |
      Ice Cave |    634 |    634 |      0 |     18 |    304 |   1 |  634.0 |
      Gauntlet |    555 |    555 |      0 |      0 |    339 |   1 |  555.0 |
               +--------+--------+--------+--------+--------+-----+--------+

Top non-repeatable levels by time:
     D:4: 1866 daAuts
 Snake:4: 1826 daAuts
     D:5: 1384 daAuts
    D:13: 1331 daAuts
     D:1: 1252 daAuts
  Lair:1: 1222 daAuts
  Lair:5: 1072 daAuts
     D:2: 1051 daAuts
     D:9: 1037 daAuts
 Swamp:4: 1030 daAuts
   Orc:2: 994 daAuts
     D:3: 950 daAuts
  Lair:6: 921 daAuts
 Swamp:1: 862 daAuts
 Swamp:3: 858 daAuts
